 Dungeon Crawl Stone Soup version 0.23.2-40-g277498a001 (webtiles) character file.

Game seed: 6942370888226255817

105 Martska the Ducker (level 4, -2/33 HPs)
             Began as a Merfolk Ice Elementalist on Oct 2, 2019.
             Slain by Grinder (6 damage)
             ... while paralysed by Grinder
             ... on level 2 of the Dungeon.
             The game lasted 00:09:47 (2775 turns).

Martska the Ducker (Merfolk Ice Elementalist)       Turns: 2775, Time: 00:09:48

Health: -2/33      AC:  3    Str:  8    XL:     4   Next: 83%
Magic:  4/7        EV:  2    Int: 14    God:
Gold:   139        SH:  0    Dex: 15    Spells: 1/7 levels left

rFire    . . .     SeeInvis .   j - +0 dagger
rCold    . . .     Gourm    .   (no shield)
rNeg     . . .     Faith    .   a - +0 robe
rPois    .         Spirit   .   r - +0 helmet
rElec    .         Reflect  +   (no cloak)
rCorr    .         Harm     .   (no gloves)
MR       .....                  (no boots)
Stlth    ++........             b - +4 amulet of reflection
HPRegen  0.11/turn              (no ring)
MPRegen  0.10/turn              (no ring)

@: paralysed
A: change form in water, swift swim, stealthy swim
a: no special abilities


You were on level 2 of the Dungeon.
You were not hungry.

You visited 1 branch of the dungeon, and saw 3 of its levels.

You collected 139 gold pieces.

Inventory:

Hand Weapons
 j - a +0 dagger (weapon)
Armour
 a - a +0 robe (worn)
 m - a +1 centaur barding
 r - a +0 helmet (worn)
Jewellery
 b - a +4 amulet of reflection (around neck)
 l - a +3 ring of protection {unknown}
Scrolls
 d - a scroll of teleportation {unknown}
 f - a scroll of random uselessness {unknown}
 g - a scroll of fear {unknown}
 h - 2 scrolls of amnesia {unknown}
 k - 2 scrolls of identify {unknown}
 n - 2 scrolls of enchant weapon {unknown}
 p - 2 scrolls of remove curse {unknown}
 s - a scroll of magic mapping {unknown}
 t - a scroll of noise {unknown}
Potions
 e - a potion of resistance {unknown}
 i - 2 potions of magic {unknown}
 o - 3 potions of degeneration {unknown}
 q - a potion of lignification {unknown}
Comestibles
 c - 2 rations


   Skills:
 * Level 2.2 Fighting
 * Level 4.3 Dodging
 + Level 2.7 Stealth
 + Level 2.4 Spellcasting
 - Level 0.7 Conjurations
 + Level 0.6 Charms
 + Level 3.5 Ice Magic


You had one spell level left.
You knew the following spells:

 Your Spells              Type           Power        Failure   Level  Hunger
a - Freeze                Ice            ##..         5%          1    #......
b - Throw Frost           Conj/Ice       #.....       14%         2    ###....
c - Ozocubu's Armour      Chrm/Ice       #.......     28%         3    ###....

Your spell library contained the following spells:

 Spells                   Type           Power        Failure   Level  Hunger
 Throw Icicle             Conj/Ice       #.......     67%         4    #####..
 Summon Ice Beast         Ice/Summ       #.......     73%         4    #####..


Dungeon Overview and Level Annotations

Branches:
Dungeon (3/15)

Altars:

Annotations:
D:2 Grinder


Message History

Grinder blinks!
Grinder gestures at you. Pain shoots through your body!
Grinder gestures at you.
You suddenly lose the ability to move!
Grinder hits you. Grinder hits you but does no damage.
You can move again.
There is an open door here.
Grinder gestures at you.
You suddenly lose the ability to move!
Grinder hits you.
You writhe in agony.
Grinder hits you!
* * * LOW HITPOINT WARNING * * *
You writhe in agony.
* * * LOW HITPOINT WARNING * * *
Grinder hits you.
* * * LOW HITPOINT WARNING * * *
You writhe in agony.
You die...

#.......# #.#....#
#.......##### #.#.##.#
#...........####.####.#
#.....................###
#............####.###....
#....##........>....'....
#....##'#########.#.#....
#.....).5####.....#.####.
####...>@'.............'.
#..(.)####.#.....####.
#.....####.#.##### #.
#.....+....#.# #.
#.....######.# #. #.....#
#.# #. ####### #.# #. #.#
## #.#


You could see Grinder.

Vanquished Creatures
  Robin (D:2)
  3 adders (D:2)
  A worm (D:2)
  3 dart slugs
  2 leopard geckos
  A giant cockroach (D:3)
  9 goblins
  13 hobgoblins
  A quokka (D:2)
  A ball python (D:1)
  7 bats
  4 frilled lizards
  4 kobolds
  7 rats
57 creatures vanquished.

Vanquished Creatures (others)
  A kobold (D:3)
1 creature vanquished.

Grand Total: 58 creatures vanquished

Notes
Turn   | Place    | Note
-------+----------+-------------------------------------------
     0 | D:1      | Martska the Merfolk Ice Elementalist began the quest for
                  | the Orb.
     0 | D:1      | Reached XP level 1. HP: 13/13 MP: 3/3
   252 | D:1      | Reached skill level 3 in Dodging
   275 | D:1      | Reached XP level 2. HP: 10/20 MP: 0/5
   568 | D:1      | Learned a level 2 spell: Throw Frost
   572 | D:1      | Reached skill level 1 in Fighting
  1073 | D:2      | Reached XP level 3. HP: 26/26 MP: 4/6
  1429 | D:2      | Learned a level 3 spell: Ozocubu's Armour
  1659 | D:2      | Reached skill level 4 in Dodging
  1659 | D:2      | Reached XP level 4. HP: 26/33 MP: 0/7
  2251 | D:3      | Noticed Robin
  2451 | D:3      | Noticed Grinder
  2638 | D:2      | Killed Robin
  2758 | D:2      | Paralysed by Grinder for 6 turns
  2771 | D:2      | Paralysed by Grinder for 5 turns
  2775 | D:2      | Slain by Grinder

Skill      XL: |  1  2  3  4 |
---------------+-------------+-----
Dodging        | 3 4 |  4.3
Fighting       | 1 2 |  2.2
Stealth        | |  2.7
Spellcasting   | |  2.4
Conjurations   | |  0.7
Charms         | |  0.6
Ice Magic      | |  3.5

Action                   |  1- 3 |  4- 6 || total
-------------------------+-------+-------++-------
Melee: Unarmed           |     1 |       ||     1
       Dagger            |    40 |    32 ||    72
 Cast: Freeze            |    36 |    26 ||    62
       Throw Frost       |    15 |     9 ||    24
  Eat: Ration            |     1 |     2 ||     3
Armor: Robe              |     8 |    12 ||    20
Dodge: Dodged            |    48 |    47 ||    95
Block: Other             |     9 |    19 ||    28
       Reflection        |     1 |     1 ||     2
